 Dungeon Crawl Stone Soup version 0.28-a0-239-g68911e0c57 (webtiles) character file.

Game seed: 8187394808741692507

6550 Colgate the Cleaver (level 11, -1/71 HPs)
             Began as a Gargoyle Berserker on Aug 23, 2021.
             Was a High Priest of Trog.
             Slain by a hellwing (7 damage)
             ... summoned by an obsidian statue
             ... on level 10 of the Dungeon.
             The game lasted 00:18:46 (9847 turns).

Colgate the Cleaver (Gargoyle Berserker)            Turns: 9847, Time: 00:18:47

Health: -1/71      AC: 18    Str: 24    XL:     11   Next: 1%
Magic:  11/11      EV:  5    Int:  8    God:    Trog [*****.]
Gold:   494        SH: 13    Dex: 15    Spells: 10/10 levels left

rFire   . . .      SeeInvis .   Y - +2 war axe
rCold   . . .      Faith    .   u - +0 tower shield
rNeg    + . .      Spirit   .   b - +0 chain mail
rPois   ∞          Reflect  .   d - +0 helmet
rElec   +          Harm     .   m - +0 cloak
rCorr   .          Rampage  .   (no gloves)
Will    .....                   h - +2 pair of boots
Stlth   ..........              (no amulet)
HPRegen 0.21/turn               c - +6 ring of dexterity
MPRegen 0.12/turn               (no ring)

@: corroded, on berserk cooldown, slowed, very slow
A: sickness immunity, AC +8, negative energy resistance 1, electricity
resistance, torment resistance 1, petrification resistance, hooves 1, iridescent
scales 1
a: Renounce Religion, Berserk, Trog's Hand, Brothers in Arms


You were on level 10 of the Dungeon.
You worshipped Trog.
Trog was extremely pleased with you.
You visited 1 branch of the dungeon, and saw 10 of its levels.

You collected 494 gold pieces.


Innate Abilities, Weirdness & Mutations

You are immune to sickness and miasma.
Your stone body is resilient. (AC +8)
You are immune to poison.
You resist negative energy. (rN+)
You are resistant to electric shocks. (rElec)
You are resistant to unholy torment.
You are immune to petrification.
You have large cloven feet.
You are partially covered in iridescent scales. (AC +2)


   Skills:
 - Level 9.0 Fighting
 - Level 12.5 Axes
 - Level 7.5 Armour
 - Level 3.0 Dodging
 + Level 3.9 Shields


You had 10 spell levels left.
You didn't know any spells.
Your spell library was empty.

Inventory:

Hand Weapons
 j - a +1 hand axe of flaming
 Y - a +2 war axe (weapon)
Armour
 b - a +0 chain mail (worn)
 d - a +0 helmet (worn)
 h - a +2 pair of boots (worn)
 k - a +3 ring mail of fire resistance
 m - a +0 cloak (worn)
 u - a +0 tower shield (worn)
Jewellery
 c - a +6 ring of dexterity (left hand)
Wands
 p - a wand of digging (4)
Scrolls
 e - a scroll of identify
 f - 4 scrolls of teleportation
Potions
 a - 2 potions of might
 g - 3 potions of haste
 l - 4 potions of curing
 o - a potion of mutation
 q - a potion of resistance {unknown}
 s - a potion of lignification {unknown}
 t - a potion of magic {unknown}

Dungeon Overview and Level Annotations

Branches:
Dungeon (10/15)            Temple (0/1) D:5
   Lair: D:8-11         Orc: D:9-12

Altars:
Ashenzari
Cheibriados
Fedhas
Hepliaklqana
Kikubaaqudgha
Nemelex Xobeh
Uskayaw
Wu Jian
Xom
Yredelemnul
Zin

Shops:
D:1 [   D:5 *

Annotations:
D:7 1 runed translucent door, lupus83's ghost, novice TrFi


Message History

The obsidian statue's eyes glow briefly.
The obsidian statue attempts to bespell you!
You are mesmerised by the obsidian statue!
You block the hellwing's attack. x2
The white imp hits you but does no damage.
The sun demon hits you but does no damage.
You block the hellwing's attack. x2
The white imp gestures at you. The puff of frost misses you.
The puff of frost hits the sun demon.
The sun demon is frozen!
You hit the sun demon.
The sun demon is moderately wounded.
You hit the hellwing but do no damage. You closely miss the white imp.
You are no longer entranced.
Your ogre hits the white imp with a +0 giant spiked club!!
The white imp dies!
The sun demon hits you!
You are engulfed in flames!
You block the hellwing's attack. x2
The obsidian statue's eyes glow briefly.
The obsidian statue attempts to bespell you!
You resist.
Your ogre rages.
The sun demon hits you but does no damage.
9846 ||| DRINKING potion of heal wounds.
You feel much better.
The hellwing swoops through the air toward you!
The hellwing hits you but does no damage. x2
The rust devil hits you. The rust devil corrodes you! The sun demon hits you!
You are engulfed in flames!
You slash the sun demon!
The sun demon is heavily wounded.
You hit the rust devil but do no damage.
You hit the hellwing.
The sun demon is no longer moving slowly.
The obsidian statue slips into the dungeon's darkness for a moment.
You block the hellwing's attack. x2; The rust devil hits you.
The rust devil corrodes you! You block the sun demon's attack.
Your ogre rages.
The hellwing hits you!
You die...

.........)..####...#
......#.#..........###
......#.#..[#####....
......#.(.%.####...#
#.........#....#
###...#........#
#...#.....O?.##
#<......4###).#
#....#..@#8#=.#
#...###43###).# #...#
##55")..# #...#
##.....# #...#
###..... ##### #....
.... ...


You could see an obsidian statue (ally target), a sun demon (summoned), a
hellwing (summoned), a rust devil (summoned), a white imp (summoned), an
ufetubus (summoned) and a friendly ogre (summoned, berserk).

Vanquished Creatures
  A cyclops (D:8)
  Maurice (D:8)
  Joseph (D:7)
  A kobold demonologist (D:8)
  Prince Ribbit (D:9)
  A meliai zombie (D:10)
  4 yaks (D:8)
  Edmund (D:4)
  3 water moccasins (D:5)
  A sky beast (D:7)
  2 necrophages (D:5)
  5 centaurs
  A phantom (D:4)
  3 bullfrogs
  12 kobold brigands
  A scorpion (D:4)
  A wyvern skeleton (D:7)
  A water moccasin skeleton (D:5)
  9 killer bees
  3 wights (D:6)
  A jelly (D:6)
  A howler monkey (D:9)
  3 orc priests
  5 hounds
  2 bullfrog skeletons (D:6)
  A centaur skeleton (D:6)
  Ijyb (D:4)
  Terence (D:2)
  4 iguanas
  4 orc wizards
  A hound skeleton (D:3)
  3 howler monkey zombies
  A howler monkey skeleton (D:3)
  Robin (D:4)
  6 adders
  3 shadow imps
  2 white imps
  An ufetubus (D:7)
  2 worms
  2 dart slugs (D:4)
  33 orcs
  8 ball pythons
  8 endoplasms
  A giant cockroach (D:3)
  12 hobgoblins
  5 jackals
  39 kobolds
  6 quokkas
  2 bats (D:1)
  5 frilled lizards
  16 goblins
  A jackal skeleton (D:4)
  10 kobold skeletons (D:8)
  8 kobold zombies (D:8)
  8 rats
260 creatures vanquished.

Vanquished Creatures (collateral kills)
  A kobold demonologist (D:10)
  A steam dragon (D:10)
  2 killer bees (D:10)
  A howler monkey (D:10)
5 creatures vanquished.

Vanquished Creatures (others)
  7 plants (D:4)
  4 withered plants (D:4)
11 creatures vanquished.

Grand Total: 276 creatures vanquished

Notes
Turn   | Place    | Note
-------+----------+-------------------------------------------
     0 | D:1      | Colgate the Gargoyle Berserker began the quest for the Orb.
     0 | D:1      | Reached XP level 1. HP: 14/14 MP: 1/1
     0 | D:1      | 0 ||| counter = 45
   203 | D:1      | Reached skill level 3 in Axes
   249 | D:1      | 249 ||| INVOKING Berserk.
   509 | D:1      | Reached XP level 2. HP: 19/19 MP: 2/2
  1223 | D:1      | Found Dolett's Antique Armour Emporium.
  1232 | D:1      | 1232 ||| SHOPLISTING bloodstained scale mail (252 gold,
                  | have 64).
  1232 | D:1      | 1232 ||| SHOPLISTING brightly glowing chain mail (266 gold,
                  | have 64).
  1232 | D:1      | 1232 ||| SHOPLISTING chain mail (126 gold, have 64).
  1232 | D:1      | 1232 ||| SHOPLISTING dyed leather armour (140 gold, have
                  | 64).
  1232 | D:1      | 1232 ||| SHOPLISTING glowing fire dragon scales (1764 gold,
                  | have 64).
  1232 | D:1      | 1232 ||| SHOPLISTING pair of embroidered boots (210 gold,
                  | have 64).
  1434 | D:1      | 1434 ||| UPGRADING to +0 helmet.
  1439 | D:1      | 1439 ||| UPGRADING to +2 pair of boots.
  1444 | D:1      | 1444 ||| UPGRADING to +0 ring mail.
  1454 | D:1      | 1454 ||| DROPPING +0 animal skin.
  1455 | D:1      | 1455 ||| READING scroll labelled DITEBUR WIDOJ.
  1459 | D:1      | 1459 ||| READING 3 scrolls labelled EFUHAYTW TAXTE.
  1460 | D:1      | 1460 ||| READING scroll labelled CUASTODUGU.
  1461 | D:1      | 1461 ||| DRINKING 2 lumpy ruby potions.
  1462 | D:1      | 1462 ||| READING 2 scrolls of identify.
  1462 | D:1      | 1462 ||| IDENTIFYING puce potion
  1463 | D:1      | 1463 ||| DROPPING potion of invisibility.
  1464 | D:1      | 1464 ||| DROPPING potion of degeneration.
  1483 | D:2      | Reached XP level 3. HP: 23/23 MP: 3/3
  1755 | D:2      | Found a faded altar of an unknown god.
  1768 | D:2      | Reached skill level 4 in Axes
  1843 | D:2      | Reached ** piety under Trog
  1993 | D:2      | Noticed Terence
  2002 | D:2      | 2002 ||| INVOKING Berserk.
  2003 | D:2      | 2003 ||| INVOKING Berserk.
  2006 | D:2      | Killed Terence
  2007 | D:2      | Reached XP level 4. HP: 17/28 MP: 4/4
  2216 | D:2      | 2216 ||| DROPPING +0 club.
  2619 | D:2      | 2619 ||| UPGRADING to +0 scale mail.
  2629 | D:2      | 2629 ||| DROPPING +0 ring mail.
  2630 | D:2      | 2630 ||| READING scroll labelled ONYOTOH ADAIZE.
  2631 | D:2      | 2631 ||| DRINKING 2 pink potions.
  2769 | D:3      | 2769 ||| INVOKING Berserk.
  2772 | D:3      | HP: 3/42 [orc priest/divine providence (12)]
  2773 | D:3      | Reached skill level 5 in Axes
  2773 | D:3      | Reached XP level 5. HP: 3/32 MP: 5/5
  3119 | D:3      | 3119 ||| SWAPPING to +0 war axe.
  3120 | D:3      | 3120 ||| DROPPING +0 hand axe.
  3686 | D:3      | Reached XP level 6. HP: 38/38 MP: 6/6
  3722 | D:3      | 3722 ||| READING 2 scrolls labelled UFILUI WUZAYB.
  3723 | D:3      | 3723 ||| DRINKING 2 fuming white potions.
  3724 | D:3      | 3724 ||| READING 2 scrolls of identify.
  3724 | D:3      | 3724 ||| IDENTIFYING white potion
  3725 | D:3      | 3725 ||| DRINKING potion of experience.
  3725 | D:3      | Reached skill level 12 in Axes
  3725 | D:3      | Reached XP level 7. HP: 43/43 MP: 7/7
  3726 | D:3      | 3726 ||| DROPPING scroll of amnesia.
  3837 | D:4      | Noticed Edmund
  3845 | D:4      | Reached *** piety under Trog
  3853 | D:4      | 3853 ||| INVOKING Berserk.
  3859 | D:4      | Killed Edmund
  3864 | D:4      | HP: 8/44 [phantom (5)]
  3865 | D:4      | 3865 ||| DRINKING potion of heal wounds.
  3882 | D:4      | HP: 8/44 [phantom (5)]
  4022 | D:4      | 4022 ||| STAIRDANCE
  4141 | D:4      | 4141 ||| DROPPING +0 flail.
  4149 | D:4      | Noticed Ijyb
  4232 | D:4      | 4232 ||| INVOKING Berserk.
  4291 | D:4      | Found a blossoming altar of Fedhas.
  4292 | D:4      | Found an ancient bone altar of Kikubaaqudgha.
  4340 | D:4      | Noticed Robin
  4350 | D:4      | Reached skill level 3 in Armour
  4356 | D:4      | Killed Robin
  4370 | D:4      | 4370 ||| INVOKING Berserk.
  4371 | D:4      | Killed Ijyb
  4621 | D:4      | Reached XP level 8. HP: 47/49 MP: 8/8
  4930 | D:4      | 4930 ||| UPGRADING to +0 chain mail.
  4940 | D:4      | 4940 ||| DROPPING +0 scale mail.
  4941 | D:4      | 4941 ||| UPGRADING to +6 ring of dexterity.
  4942 | D:4      | 4942 ||| READING scroll labelled CORUNK EGEGGU.
  4943 | D:4      | 4943 ||| READING scroll labelled LEARIP FERCHOWK.
  4944 | D:4      | 4944 ||| DRINKING 2 sedimented black potions.
  4944 | D:4      | Gained mutation: You are partially covered in iridescent
                  | scales. (AC +2) [potion of mutation]
  4944 | D:4      | Gained mutation: You have large cloven feet. [potion of
                  | mutation]
  4968 | D:5      | Entered Level 5 of the Dungeon
  4970 | D:5      | 4970 ||| STAIRDANCE
  5178 | D:5      | Found a staircase to the Ecumenical Temple.
  5294 | D:5      | Reached **** piety under Trog
  5515 | D:5      | Found an ornate altar of the Wu Jian Council.
  5676 | D:5      | Reached skill level 6 in Fighting
  5810 | D:5      | Found Guisybre's Serpentskin Sales.
  5825 | D:5      | Reached XP level 9. HP: 46/56 MP: 9/9
  5948 | D:5      | 5948 ||| READING 2 scrolls of identify.
  5948 | D:5      | 5948 ||| IDENTIFYING fizzy ruby potion
  5949 | D:5      | 5949 ||| DROPPING potion of berserk rage.
  6107 | D:6      | 6107 ||| INVOKING Berserk.
  6167 | D:6      | 6167 ||| DROPPING +4 flail of draining.
  6204 | D:6      | Found a snail-covered altar of Cheibriados.
  6422 | D:6      | Found a sparkling altar of Nemelex Xobeh.
  6651 | D:6      | Found a glowing silver altar of Zin.
  6711 | D:6      | 6711 ||| READING scroll labelled FEIFROVEES.
  6712 | D:6      | 6712 ||| READING scroll labelled MUOPEITEYV.
  6713 | D:6      | 6713 ||| READING 3 scrolls of identify.
  6713 | D:6      | 6713 ||| IDENTIFYING grey potion
  6714 | D:6      | 6714 ||| READING 2 scrolls of identify.
  6714 | D:6      | 6714 ||| IDENTIFYING brown potion
  6715 | D:6      | 6715 ||| DROPPING potion of attraction.
  6731 | D:7      | Found a flagged portal.
  6815 | D:7      | Noticed Joseph
  6844 | D:7      | Killed Joseph
  7050 | D:7      | 7050 ||| STAIRDANCE
  7082 | D:6      | 7082 ||| READING scroll labelled DEALASIOGA.
  7160 | D:7      | Found a runed translucent door.
  7161 | D:7      | Found a shimmering altar of Xom.
  7161 | D:7      | Noticed lupus83's ghost (novice TrFi)
  7162 | D:7      | Noticed a +2 whip of chaos
  7189 | D:7      | 7189 ||| READING scroll of enchant weapon.
  7189 | D:7      | 7189 ||| ENCHANTING +1 war axe.
  7432 | D:7      | 7432 ||| DROPPING ring of flight.
  7433 | D:7      | 7433 ||| DROPPING wand of acid (4).
  7456 | D:8      | Noticed Maurice
  7467 | D:8      | Killed Maurice
  7522 | D:8      | Reached XP level 10. HP: 50/64 MP: 10/10
  7540 | D:8      | 7540 ||| STAIRDANCE
  7594 | D:7      | 7594 ||| UPGRADING to +0 cloak.
  7614 | D:8      | Reached skill level 6 in Armour
  7621 | D:8      | Reached skill level 9 in Fighting
  7621 | D:8      | 7621 ||| STAIRDANCE
  7718 | D:8      | Found a basalt altar of Yredelemnul.
  7767 | D:8      | Reached ***** piety under Trog
  7772 | D:8      | Reached skill level 3 in Dodging
  7881 | D:8      | Received a gift from Trog
  7916 | D:8      | Found an ancient bone altar of Kikubaaqudgha.
  7916 | D:8      | Noticed a kobold demonologist
  7930 | D:8      | Killed a kobold demonologist
  8111 | D:8      | Found a hide-covered altar of Uskayaw.
  8169 | D:8      | Noticed a cyclops
  8173 | D:8      | 8173 ||| INVOKING Berserk.
  8180 | D:8      | Killed a cyclops
  8386 | D:8      | 8386 ||| INVOKING Berserk.
  8760 | D:8      | 8760 ||| READING scroll labelled SYINYNE LOMP.
  8760 | D:8      | Identified a scroll of acquirement
  8760 | D:8      | 8760 ||| ACQUIRING +2 buckler of reflection
  8760 | D:8      | Acquired a +2 buckler of reflection
  8762 | D:8      | 8762 ||| UPGRADING to +2 buckler of reflection.
  8892 | D:9      | Found a broken altar of Ashenzari.
  8964 | D:9      | Found a hazy altar of Hepliaklqana.
  9020 | D:9      | Noticed Prince Ribbit
  9052 | D:9      | Killed Prince Ribbit
  9053 | D:9      | Reached skill level 1 in Shields
  9453 | D:9      | Received a gift from Trog
  9675 | D:9      | 9675 ||| UPGRADING to +0 tower shield.
  9685 | D:9      | 9685 ||| DROPPING +2 buckler of reflection.
  9686 | D:9      | 9686 ||| READING 2 scrolls of identify.
  9686 | D:9      | 9686 ||| IDENTIFYING fuming dark potion
  9687 | D:9      | 9687 ||| DROPPING potion of flight.
  9710 | D:10     | Entered Level 10 of the Dungeon
  9726 | D:10     | Reached skill level 3 in Shields
  9782 | D:10     | Noticed an obsidian statue
  9783 | D:10     | 9783 ||| INVOKING Brothers in Arms.
  9791 | D:10     | Noticed a kobold demonologist
  9798 | D:10     | Killed a kobold demonologist
  9799 | D:10     | Reached XP level 11. HP: 71/71 MP: 11/11
  9817 | D:10     | 9817 ||| INVOKING Brothers in Arms.
  9818 | D:10     | 9818 ||| INVOKING Brothers in Arms.
  9819 | D:10     | Noticed a sun demon
  9819 | D:10     | 9819 ||| INVOKING Berserk.
  9841 | D:10     | Noticed a sun demon
  9844 | D:10     | 9844 ||| INVOKING Brothers in Arms.
  9845 | D:10     | HP: 6/71 [sun demon[an obsidian statue] (15)]
  9846 | D:10     | 9846 ||| DRINKING potion of heal wounds.
  9847 | D:10     | Slain by a hellwing

Levels and vault maps discovered:
D:1:      dpeg_arrival_pond, layout_loops_ring, serial_shops, shop
D:2:      layout_loops_corners, basic_ecumenical_altar, uniq_terence
D:3:      layout_basic, minmay_liquid_box, grunt_ministairs_4,
          grunt_decor_one_mirror
D:4:      layout_cave_pools, grunt_temple_overflow_growth_and_decay, uniq_robin,
          uniq_edmund, uniq_ijyb
D:5:      layout_loops_ring, nzn_wu_jian_contemplation,
          minmay_temple_entry_stoned_glass, wad_floor_pattern_untrapped,
          guppyfry_shop_venom
D:6:      layout_basic, zin_academy, nemelex_spade_bored_becter,
          mainiacjoe_overflow_catwalk
D:7:      layout_cave_pools, enter_bailey_2, ebering_ghost_xom, uniq_joseph
D:8:      wander_kiku_kobolds, layout_gridville, yredelemnul_altar_generic,
          marbit_many_paths, uniq_maurice
D:9:      layout_roguey, mainiacjoe_overflow_six_doors_small,
          lemuel_crystal_altar, uniq_prince_ribbit1
D:10:     layout_rooms, minmay_protected_statue

Skill      XL: |  1  2  3  4  5  6  7  8  9 10 |
---------------+-------------------------------+-----
Axes           | 3 4 5 12 | 12.5
Fighting       | 4 5 6 8 9 |  9.0
Armour         | 3 4 5 7 |  7.5
Dodging        | 2 3 |  3.0
Shields        | 3 |  3.9

Action                   |  1- 3 |  4- 6 |  7- 9 | 10-12 || total
-------------------------+-------+-------+-------+-------++-------
Melee: Hand axe          |   126 |    56 |       |       ||   182
       War axe           |       |    50 |   359 |   218 ||   627
Invok: Berserk           |     2 |     1 |     4 |     3 ||    10
       Brothers in Arms  |       |       |       |     3 ||     3
  Use: Scroll            |     4 |     3 |     9 |     2 ||    18
       Potion            |     1 |     3 |     2 |     1 ||     7
Armor: Animal skin       |    24 |       |       |       ||    24
       Ring mail         |    26 |    11 |       |       ||    37
       Scale mail        |       |    53 |    62 |       ||   115
       Chain mail        |       |       |   156 |   152 ||   308
Dodge: Dodged            |    64 |    45 |   161 |   101 ||   371
Block: Tower shield      |       |       |       |    50 ||    50
       Buckler           |       |       |       |    10 ||    10
       Reflection        |       |       |       |     1 ||     1

Table legend:
 A = Non-vault XP
 B = Vault XP
 C = Vault XP percentage of total XP
 D = Non-vault monster count
 E = Vault monster count
 F = Vault count percentage of total count
                 A         B        C        D         E       F
            +---------+---------+-------+---------+---------+-------
      Total |    5937 |    3113 |  34.4 |     191 |      74 |  27.9
            +---------+---------+-------+---------+---------+-------
        D:1 |      33 |       0 |   0.0 |      22 |       0 |   0.0
        D:2 |      44 |      36 |  45.0 |      19 |       1 |   5.0
        D:3 |     214 |       3 |   1.4 |      28 |       2 |   6.7
        D:4 |     507 |     229 |  31.1 |      26 |      13 |  33.3
        D:5 |     974 |     160 |  14.1 |      22 |       2 |   8.3
        D:6 |     559 |       0 |   0.0 |      15 |       0 |   0.0
        D:7 |     368 |     445 |  54.7 |       7 |       1 |  12.5
        D:8 |    2004 |    1976 |  49.6 |      31 |      54 |  63.5
        D:9 |     532 |     264 |  33.2 |      14 |       1 |   6.7
       D:10 |     702 |       0 |   0.0 |       7 |       0 |   0.0
            +---------+---------+-------+---------+---------+-------
